 Dungeon Crawl Stone Soup version 0.25-a0-474-ga8a2ee3166 (webtiles) character file.

Game seed: 17158942357793599559, levelgen mode: deterministic

32 kae the Vexing (level 3, 0/24 HPs)
             Began as a Demonspawn Enchanter on Feb 8, 2020.
             Succumbed to an adder's poison
             ... on level 2 of the Dungeon.
             The game lasted 00:01:10 (1156 turns).

kae the Vexing (Demonspawn Enchanter)               Turns: 1156, Time: 00:01:10

Health: 0/24       AC:  4    Str: 13    XL:     3   Next: 10%
Magic:  1/6        EV: 12    Int: 16    God:
Gold:   10         SH:  3    Dex: 14    Spells: 3/6 levels left

rFire    . . .     SeeInvis .   a - +1 dagger
rCold    . . .     Gourm    .   f - +0 buckler
rNeg     . . .     Faith    .   b - +0 robe
rPois    .         Spirit   .   (no helmet)
rElec    .         Reflect  .   (no cloak)
rCorr    .         Harm     .   (no gloves)
MR       .....                  (no boots)
Stlth    ++........             (no amulet)
HPRegen  0.08/turn              (no ring)
MPRegen  0.10/turn              (no ring)

@: mighty, lethally poisoned (0 -> -4), berserk cooldown, very slightly
contaminated, slowed, very slow
A: thin metallic scales 1, rot immunity
a: no special abilities


You were on level 2 of the Dungeon.
You were very hungry.

You visited 1 branch of the dungeon, and saw 2 of its levels.

You collected 10 gold pieces.

Inventory:

Hand Weapons
 a - a +1 dagger (weapon)
Armour
 b - a +0 robe (worn)
 f - a +0 buckler (worn)
Scrolls
 c - a scroll of fog {unknown}
 h - a scroll of identify {unknown}
 i - a scroll of noise {unknown}
Potions
 g - a potion of berserk rage
Comestibles
 d - 3 rations


   Skills:
 * Level 1.9 Short Blades
 + Level 2.0 Dodging
 + Level 2.9 Stealth
 + Level 2.2 Spellcasting
 + Level 3.2 Hexes


You had 3 spell levels left.
You knew the following spells:

 Your Spells              Type           Power        Failure   Level  Hunger
a - Corona                Hex            ##.....      9%          1    #......
b - Ensorcelled Hibernat  Hex/Ice        #.....       26%         2    ###....

Your spell library contained the following spells:

 Spells                   Type           Power        Failure   Level  Hunger
 Confusing Touch          Hex            ##......     26%         3    ###....
 Tukima's Dance           Hex            ##......     26%         3    ###....
 Dazzling Flash           Conj/Hex       #.....       45%         3    ###....


Dungeon Overview and Level Annotations

Branches:
Dungeon (2/15)

Altars:


Innate Abilities, Weirdness & Mutations

You are partially covered in thin metallic scales. (AC +2)
You are immune to rotting.


Message History

There is a lethal amount of poison in your body!
You climb downwards.
You feel a strong urge to attack something.
The goblin hits you but does no damage. The quokka bites you.
* * * LOW HITPOINT WARNING * * *
There is a stone staircase leading up here.
You puncture the goblin!
You kill the goblin!
* * * LOW HITPOINT WARNING * * *
You feel sick.
The quokka bites you but does no damage.
You closely miss the quokka. You puncture the quokka!
You kill the quokka!
You feel a strong urge to attack something.
You are no longer berserk.
You are exhausted.
You feel yourself slow down.
You see here 10 gold pieces.
You die...

#. #......
##.#####.......
...............
#.#.##...##.<
#.#..........#
#..<†#....##.#
#.........#
#.##.#$.#.......
#....@.[........
####.##......#...
#.. ##...#....#
#.#. #.####.
..### ... ...
#### #.# #.


There were no monsters in sight!

Vanquished Creatures
  An adder (D:1)
  A leopard gecko (D:1)
  3 goblins
  3 hobgoblins (D:1)
  2 kobolds (D:1)
  A quokka (D:2)
  A ball python (D:1)
  4 bats (D:1)
  3 frilled lizards (D:1)
  5 rats (D:1)
24 creatures vanquished.

Notes
Turn   | Place    | Note
-------+----------+-------------------------------------------
     0 | D:1      | kae the Demonspawn Enchanter began the quest for the Orb.
     0 | D:1      | Reached XP level 1. HP: 13/13 MP: 3/3
     4 | D:1      | Reached skill level 1 in Short Blades
   314 | D:1      | Gained mutation: You are partially covered in thin metallic
                  | scales. (AC +2) [demonic ancestry]
   314 | D:1      | Reached XP level 2. HP: 16/19 MP: 5/5
   318 | D:1      | Learned a level 2 spell: Ensorcelled Hibernation
  1148 | D:1      | Gained mutation: You are immune to rotting. [demonic
                  | ancestry]
  1148 | D:1      | Reached XP level 3. HP: 4/24 MP: 1/6
  1151 | D:2      | HP: 1/36 [poisoned by an adder]
  1156 | D:2      | Succumbed to an adder's poison

Levels and vault maps discovered:
D:1:      dpeg_chamrin_arrival_tetris, layout_loops_ring
D:2:      layout_loops_cross, lemuel_coloured_pillars_altar, okawaru_gym_becter,
          lemuel_statue_altar, uniq_terence

Skill      XL: |  1  2 |
---------------+-------+-----
Short Blades   | 1 |  1.9
Dodging        | 2 |  2.0
Stealth        | |  2.9
Spellcasting   | |  2.2
Hexes          | |  3.2

Action                   || total
-------------------------++-------
Melee: Dagger            ||   110
 Cast: Corona            ||     8
  Use: Potion            ||     2
 Stab: Sleeping          ||     2
Armor: Robe              ||    36
Dodge: Dodged            ||    65
Block: Buckler           ||    15

Table legend:
 A = Non-vault XP
 B = Vault XP
 C = Vault XP percentage of total XP
 D = Non-vault monster count
 E = Vault monster count
 F = Vault count percentage of total count
                 A         B        C        D         E       F
            +---------+---------+-------+---------+---------+-------
      Total |      47 |       0 |   0.0 |      24 |       0 |   0.0
            +---------+---------+-------+---------+---------+-------
        D:1 |      43 |       0 |   0.0 |      22 |       0 |   0.0
        D:2 |       4 |       0 |   0.0 |       2 |       0 |   0.0
            +---------+---------+-------+---------+---------+-------
